 Dungeon Crawl Stone Soup version 0.31-a0-237-g2d982f9f85 (webtiles) character file.

Game seed: 7558421783502278315

130 qw the Shooter (level 4, -1/36 HPs)
             Began as a Minotaur Hexslinger on July 11, 2023.
             Slain by an orc priest
             ... wielding a +0 club
              (5 damage)
             ... on level 3 of the Dungeon.
             The game lasted 00:00:40 (1365 turns).

qw the Shooter (Minotaur Hexslinger)                Turns: 1365, Time: 00:00:40

Health: -1/36      AC:  5    Str: 13    XL:     4   Next: 90%
Magic:  4/4        EV: 11    Int: 10    God:
Gold:   92         SH:  0    Dex: 14    Spells: 4/5 levels left

rFire   . . .        Y - +2 sling
rCold   . . .        (no shield)
rNeg    . . .        d - +0 ring mail
rPois   .            (helmet restricted)
rElec   .            (no cloak)
rCorr   +            (no gloves)
SInv    .            (no boots)
Will    +....        (no amulet)
Stlth   +            c - ring of willpower
HPRegen 0.26/turn    j - ring of resist corrosion
MPRegen 0.09/turn

%: no passive effects
@: no status effects
A: horns 2, retaliatory headbutt
a: no special abilities


You were on level 3 of the Dungeon.
You visited 1 branch of the dungeon, and saw 3 of its levels.

You collected 92 gold pieces.


Innate Abilities, Weirdness & Mutations

You have a pair of horns on your head.
You reflexively headbutt those who attack you in melee.


   Skills:
 + Level 2.2 Fighting
 - Level 5.0 Ranged Weapons
 - Level 1.8 Armour
 - Level 2.1 Dodging
 - Level 1.0 Spellcasting
 - Level 2.0 Hexes


You had 4 spell levels left.
You knew the following spells:

 Your Spells              Type           Power      Damage    Failure   Level
a - Slow                  Hex            16%        N/A       32%         1

Your spell library contained the following spells:

 Spells                   Type           Power      Damage    Failure   Level
 Inner Flame              Hex/Fire       2%         N/A       82%         3
 Portal Projectile        Hex/Tloc       4%         N/A       82%         3
 Cause Fear               Hex            2%         N/A       97%         4

Inventory:

Hand Weapons
 Y - a +2 sling (weapon)
Armour
 d - a +0 ring mail (worn)
Jewellery
 c - a ring of willpower (left hand)
 j - a ring of resist corrosion (right hand)
Potions
 b - a potion of attraction {unknown}
 h - a potion of lignification {unknown}
 i - a potion of curing {unknown}

Dungeon Overview and Level Annotations

Branches:
Dungeon (3/15)

Altars:
Kikubaaqudgha


Message History

The sling bullet closely misses the orc.
You feel sick. The orc misses you. You furiously retaliate!
You headbutt the orc!
You kill the orc!
You shoot a sling bullet.
You feel sick. Something hits you.
You shoot a sling bullet. The sling bullet hits the orc.
The orc is lightly wounded.
You feel sick.
You are no longer poisoned.
You shoot a sling bullet. The sling bullet hits the orc!
You kill the orc!
The giant cockroach barely misses you.
You shoot a sling bullet.
The sling bullet hits the giant cockroach.
The giant cockroach is almost dead.
Something hits you but does no damage.
The giant cockroach bites you but does no damage.
Something hits you.
You shoot a sling bullet.
The sling bullet closely misses the giant cockroach.
The giant cockroach closely misses you. Something hits you.
The giant cockroach closely misses you.
You shoot a sling bullet.
The sling bullet closely misses the giant cockroach.
The giant cockroach misses you. Something hits you.
The giant cockroach bites you.
You shoot a sling bullet.
The sling bullet hits the giant cockroach.
You kill the giant cockroach!
Something hits you.
The orc priest hits you but does no damage.
Something hits you but does no damage.
You shoot a sling bullet. The sling bullet hits the orc priest.
The orc priest is lightly wounded.
The orc priest hits you with a +0 club. Something hits you.
You shoot a sling bullet. The sling bullet hits the orc priest.
The orc priest is moderately wounded.
Something hits you. The orc priest hits you with a +0 club.
You die...

#........
#........
........
#.....#
#......
#.....#
#..)###
#.<@{#
####o......
.......
.......
(....!.
.....$.
.......
.....#.


You could see an orc priest.

Vanquished Creatures
  An orc priest (D:3)
  Natasha (D:3)
  2 adders
  2 dart slugs
  2 orcs (D:3)
  5 endoplasms
  6 giant cockroaches
  5 goblins
  9 hobgoblins
  2 quokkas
  2 ball pythons (D:1)
  4 bats (D:1)
  A frilled lizard (D:1)
  3 kobolds
  4 rats
49 creatures vanquished.

Notes
Turn   | Place    | Note
-------+----------+-------------------------------------------
     0 | D:1      | qw the Minotaur Hexslinger began the quest for the Orb.
     0 | D:1      | Reached XP level 1. HP: 16/16 MP: 1/1
     0 | D:1      | 0 ||| qw: Version: 0.3-a-52-g30416fa
     0 | D:1      | 0 ||| qw: Game counter: 5621
     0 | D:1      | 0 ||| qw: Melee chars always use a shield: true
     0 | D:1      | 0 ||| qw: God list: Okawaru
     0 | D:1      | 0 ||| qw: Allow faded altars: false
     0 | D:1      | 0 ||| qw: Do Orc after clearing Dungeon:15 true
     0 | D:1      | 0 ||| qw: Do second Lair branch before Depths: true
     0 | D:1      | 0 ||| qw: Lair rune preference: random
     0 | D:1      | 0 ||| qw: Goals: Normal
     0 | D:1      | 0 ||| PLANNING D:1-11
   111 | D:1      | Reached skill level 3 in Ranged Weapons
   111 | D:1      | Reached XP level 2. HP: 23/23 MP: 2/2
   213 | D:1      | Found a faded altar of an unknown god.
   442 | D:1      | Reached XP level 3. HP: 29/29 MP: 3/3
   531 | D:1      | 531 ||| UPGRADING to +0 leather armour.
   541 | D:1      | 541 ||| DROPPING +0 robe.
   542 | D:1      | 542 ||| READING scroll labelled XOWNUEG UPSUN.
   543 | D:1      | 543 ||| READING scroll labelled FUS HYCWUSTRUOP.
   544 | D:1      | 544 ||| READING scroll labelled OZAHIT GERO.
   545 | D:1      | 545 ||| DRINKING 2 coppery potions.
   546 | D:1      | 546 ||| DROPPING scroll of poison.
   547 | D:1      | 547 ||| DROPPING potion of degeneration.
   688 | D:2      | 688 ||| FLEEEEING.
   694 | D:2      | 694 ||| FLEEEEING.
   873 | D:2      | Reached skill level 4 in Ranged Weapons
  1105 | D:2      | Found an ancient bone altar of Kikubaaqudgha.
  1301 | D:2      | 1301 ||| UPGRADING to +0 ring mail.
  1311 | D:2      | 1311 ||| DROPPING +0 leather armour.
  1312 | D:2      | 1312 ||| UPGRADING to ring of willpower.
  1313 | D:2      | 1313 ||| UPGRADING to ring of resist corrosion.
  1314 | D:2      | 1314 ||| READING scroll labelled VUM GE IKEPTOQ.
  1315 | D:2      | 1315 ||| READING scroll labelled IMUMYI QAHOM.
  1316 | D:2      | 1316 ||| READING scroll labelled DEDAQU YCAWKI.
  1334 | D:3      | Noticed Natasha
  1338 | D:3      | Killed Natasha
  1339 | D:3      | Reached skill level 1 in Armour
  1339 | D:3      | Reached XP level 4. HP: 36/36 MP: 4/4
  1355 | D:3      | Reached skill level 5 in Ranged Weapons
  1363 | D:3      | HP: 9/36 [something (3)]
  1365 | D:3      | HP: 4/36 [something (1)]
  1365 | D:3      | Slain by an orc priest

Levels and vault maps discovered:
D:1:      dpeg_arrival_tiny_b, layout_rooms,
          hellmonk_ecumenical_altar_inner_sanctum, kennysheep_pointless_box
D:2:      layout_basic, basic_altar, serial_bayou_lagoon_a
D:3:      layout_rooms, uniq_ijyb, uniq_natasha

Skill      XL: |  1  2  3  4 |
---------------+-------------+-----
Ranged Weapons | 3 4 5 |  5.0
Fighting       | 2 |  2.2
Armour         | 1 |  1.8
Dodging        | |  2.1
Spellcasting   | |  1.0
Hexes          | |  2.0

Action                     |  1- 3 |  4- 6 || total
---------------------------+-------+-------++-------
   Fire: Sling             |   113 |    26 ||   139
    Use: Scroll            |     6 |       ||     6
         Potion            |     1 |       ||     1
 Armour: Robe              |     6 |       ||     6
         Leather armour    |     2 |       ||     2
         Ring mail         |     1 |    10 ||    11
  Dodge: Dodged            |    34 |    16 ||    50

Table legend:
 A = Non-vault XP
 B = Vault XP
 C = Vault XP percentage of total XP
 D = Non-vault monster count
 E = Vault monster count
 F = Vault count percentage of total count
                 A         B        C        D         E       F
            +---------+---------+-------+---------+---------+-------
      Total |     152 |      35 |  18.7 |      48 |       1 |   2.0
            +---------+---------+-------+---------+---------+-------
        D:1 |      44 |       0 |   0.0 |      25 |       0 |   0.0
        D:2 |      44 |       0 |   0.0 |      16 |       0 |   0.0
        D:3 |      64 |      35 |  35.4 |       7 |       1 |  12.5
            +---------+---------+-------+---------+---------+-------
